 Dungeon Crawl Stone Soup version 0.17.0 (webtiles) character file.

22691 Eucla the Fighter (level 13, -7/75 HPs)
             Began as a Gargoyle Monk on Nov 10, 2015.
             Mangled by a small abomination (12 damage)
             ... on level 1 of the Abyss.
             The game lasted 00:29:52 (13645 turns).

Eucla the Fighter (Gargoyle Monk)                  Turns: 13645, Time: 00:29:52

Health: -7/75      AC: 28    Str: 21      XL:     13   Next: 1%
Magic:  10/21      EV: 12    Int:  8 (11) God:
Gold:   1365       SH:  0    Dex: 20      Spells: 0 memorised, 12 levels left

rFire  + . .     SeeInvis +     L - +4 war axe "Winykuat" {drain, *Contam rF+ rN+ Dex+4}
rCold  . . .     Clarity  .     f - +1 chain mail {rPois}
rNeg   + + .     SustAt   .     (no shield)
rPois  ∞         Gourm    .     S - +1 hat
rElec  +         Spirit   .     i - +1 cloak {MR+}
rCorr  .         Warding  .     (no gloves)
rMut   .         Stasis   .     g - +1 pair of boots {run}
MR     +....                    (no amulet)
Stlth  ..........               (no ring)
                                a - +5 ring of strength

@: very slightly contaminated, quick, somewhat resistant to hostile
enchantments, extremely unstealthy
A: see invisible, frail 1, mutation resistance 1, negative energy resistance 1,
screaming 2, electricity resistance, unbreathing, petrification resistance, rot
immunity, AC +9
a: no special abilities


You were on level 1 of the Abyss.
You were not hungry.

You visited 3 branches of the dungeon, and saw 16 of its levels.
You visited the Abyss 1 time.
You also visited: Labyrinth and Sewer.

You collected 1589 gold pieces.
You spent 224 gold pieces at shops.

Inventory:

Hand Weapons
 p - a +2 eveningstar of flaming
 u - a +3 mace of protection
 y - the +7 quick blade of Enomiag {pierce, +Fly rN+++ MR- SInv}
   (You acquired it on level 1 of the Lair of Beasts)

   It inflicts extra damage upon your enemies.
   It renders you almost immune to negative energy.
   It affects your resistance to hostile enchantments.
   It lets you see invisible.
   It lets you fly.
 L - the +4 war axe "Winykuat" (weapon) {drain, *Contam rF+ rN+ Dex+4}
   (You found it on level 10 of the Dungeon)

   A truly terrible weapon, it drains the life of those it strikes.
   It affects your dexterity (+4).
   It protects you from fire.
   It protects you from negative energy.
   It causes magical contamination when unequipped.
Armour
 f - a +1 chain mail of poison resistance (worn)
 g - a +1 pair of boots of running (worn)
 i - a +1 cloak of magic resistance (worn)
 r - the +1 robe "Tirhuwk" {*Drain +Fly rElec Int+7}
   (You took it off a minotaur in a labyrinth)

   It affects your intelligence (+7).
   It insulates you from electricity.
   It lets you fly.
   It causes draining when unequipped.
 H - a +0 shield
 S - a +1 hat (worn)
Rods
 D - a +6 rod of the swarm (10/10)
   (You found it in a labyrinth)
Jewellery
 a - a +5 ring of strength (left hand)
 o - a cursed -3 ring of evasion {unknown}
 s - an uncursed ring of fire
 B - a cursed +3 ring of evasion {unknown}
Wands
 A - a wand of disintegration (22)
 K - a wand of lightning (10)
 P - a wand of polymorph (10)
Scrolls
 c - 2 scrolls of blinking
 d - a scroll of identify
 e - 4 scrolls of enchant armour
 j - 3 scrolls of remove curse
 n - 4 scrolls of enchant weapon
Potions
 h - a potion of berserk rage
 k - 6 potions of flight
 l - a potion of curing
 m - a potion of brilliance
 v - 3 potions of poison
 w - a potion of cure mutation
 x - 2 potions of agility
 C - a potion of lignification {unknown}
 F - 2 potions of cancellation {unknown}
 R - a potion of haste
Books
 z - a Fen Folio

   Spells                             Type                      Level
   a - Corpse Rot                     Necromancy                   2
   b - Stone Arrow                    Conjuration/Earth            3
   c - Leda's Liquefaction            Hexes/Earth                  4
   d - Summon Forest                  Summoning/Translocation      5
   e - Hydra Form                     Transmutation                6
   f - Summon Hydra                   Summoning                    7
 E - the Volume of Glamour
   (You found it on level 1 of the Lair of Beasts)

   Spells                             Type                      Level
   a - Confusing Touch                Hexes                        2
   b - Slow                           Hexes                        2
   c - Tukima's Dance                 Hexes                        3
   d - Invisibility                   Hexes                        6
Comestibles
 b - 11 bread rations
 t - a meat ration


   Skills:
 + Level 11.5 Fighting
 + Level 6.5(8.1) Axes
 - Level 8.1(9.3) Maces & Flails
 + Level 11.0 Armour
 - Level 5.2 Dodging
 - Level 2.1 Stealth
 - Level 4.0 Unarmed Combat
   Level 11.2 Invocations


You had 12 spell levels left.
You didn't know any spells.

Dungeon Overview and Level Annotations

Branches:
Dungeon (10/15)            Temple (0/1) D:7            Lair (2/8) D:10
    Orc (4/4) D:9             Elf (0/3) Orc:3

Altars:
Dithmenos
Fedhas
Gozag
Kikubaaqudgha
Okawaru
Qazlal
Trog
Vehumet
Yredelemnul
Zin
Beogh

Shops:
D:4 :   D:8 }   Orc:2 %   Orc:4 %:%[

Annotations:
Lair:2 Sonja


Innate Abilities, Weirdness & Mutations

You are resistant to torment.
Your stone body is resilient (AC +9).
You are immune to poison.
You resist negative energy.
You are resistant to electric shocks.
You can survive without breathing.
You are immune to petrification.
You are immune to rotting.
You have supernaturally acute eyesight.
You are somewhat resistant to further mutation.
[You are frail (-10% HP).]
[You sometimes yell uncontrollably at your foes.]


Message History

You are too injured to fight recklessly!
You are too injured to fight recklessly!
You are too injured to fight recklessly!
Unknown command.
The small abomination hits you but does no damage.
You slash the small abomination!
The small abomination is moderately damaged.
The small abomination closely misses you. x2
You hit the small abomination.
The small abomination is heavily damaged.
The small abomination hits you.
* * * LOW HITPOINT WARNING * * *
You hit the small abomination.
The small abomination is severely damaged.
The small abomination hits you!
* * * LOW HITPOINT WARNING * * *
You slash the small abomination!
The small abomination is almost destroyed.
The small abomination hits you!
You die...

# ..§#. .######
# .
#...##..#.#....
..#. ##.#....##
#.# #. #...
..#.# . #
####...#.# .
... #######.##
# # .
#........# . .
#....#...#
#......@.#
..#....x.#
#......#.#
......# .#
.....# .# #..#.
.# ..... .#
#... .#


You could see a small abomination.

Vanquished Creatures
  Nessos (Orc:4)
  Snorg (Orc:4)
  A minotaur (Lab)
  Fannar (Lair:2)
  Harold (Lair:2)
  Erica (D:8)
  Urug (D:10)
  3 orc high priests (Orc:4)
  Nergalle (D:10)
  A hill giant (D:7)
  4 orc knights (Orc:4)
  Pikel (D:7)
  3 orc sorcerers (Orc:4)
  A spiny frog (Lair:1)
  The ghost of Ark the Firebug, a novice DEFE (D:5)
  4 blink frogs (Lair:1)
  Grinder (D:5)
  2 shadows (Lab)
  A wraith (D:10)
  A hungry ghost (D:7)
  6 yaks (D:10)
  A hippogriff (Lair:1)
  A neqoxec (Abyss:1)
  A chaos spawn (Abyss:1)
  6 water moccasins
  16 orc warriors
  2 large abominations (Abyss:1)
  Duvessa (D:5)
  An ice beast (D:5)
  3 porcupines
  A black bear (D:7)
  3 slaves (D:7)
  The ghost of Eucla the Skirmisher, an amateur HOFi (D:3)
  4 centaurs
  6 ogres
  3 phantoms
  2 sky beasts
  A wasp (D:7)
  2 crocodiles
  Blork the orc (D:4)
  A big kobold (Sewer)
  An elf skeleton (Abyss:1)
  Dowan (D:5)
  7 giant frogs
  A water moccasin skeleton (D:4)
  2 crimson imps
  3 wights (D:9)
  A giant frog zombie (D:6)
  20 orc priests
  A giant frog skeleton (D:7)
  Crazy Yiuf (D:4)
  5 hounds
  10 worker ants
  4 centaur skeletons
  3 jellies
  4 iguanas
  18 orc wizards
  2 hound zombies
  A hound skeleton (D:7)
  2 worker ant zombies
  10 gnolls
  11 adders
  2 shadow imps
  12 river rats
  2 adder skeletons (D:4)
  2 adder zombies
  2 worms (D:2)
  2 giant geckos
  160 orcs
  A ball python (D:1)
  A goblin (D:2)
  4 hobgoblins
  4 jackals (D:6)
  13 kobolds
  2 quokkas
  2 bats (D:3)
  6 giant cockroaches
  A giant gecko zombie (D:5)
  A giant newt (D:7)
  2 quokka skeletons (D:7)
  13 rats
  A fungus (Lair:1)
  7 plants
442 creatures vanquished.

Vanquished Creatures (others)
  An orc wizard (Orc:4)
  A rat (D:3)
  A bush (Lair:2)
3 creatures vanquished.

Grand Total: 445 creatures vanquished

Notes
Turn   | Place    | Note
--------------------------------------------------------------
     0 | D:1      | Eucla the Gargoyle Monk began the quest for the Orb.
     0 | D:1      | Reached XP level 1. HP: 14/14 MP: 1/1
   212 | D:1      | Reached XP level 2. HP: 16/19 MP: 2/2
   776 | D:2      | Reached skill level 1 in Armour
   783 | D:2      | Found a faded altar to an unknown god.
   820 | D:2      | Became a worshipper of Qazlal Stormbringer
   820 | D:2      | Reached * piety under Qazlal
   820 | D:2      | Reached ** piety under Qazlal
   861 | D:2      | Reached XP level 3. HP: 24/24 MP: 3/3
  1034 | D:2      | Reached *** piety under Qazlal
  1241 | D:3      | Noticed Eucla's ghost (amateur HOFi)
  1247 | D:3      | Gained mutation: You have supernaturally acute eyesight. [potion of mutation]
  1247 | D:3      | Gained mutation: You are somewhat resistant to further mutation. [potion of mutation]
  1265 | D:3      | Killed Eucla's ghost
  1265 | D:3      | Reached skill level 1 in Invocations
  1265 | D:3      | Reached XP level 4. HP: 21/30 MP: 3/5
  1265 | D:3      | Reached XP level 5. HP: 23/34 MP: 3/6
  1731 | D:3      | Reached XP level 6. HP: 34/39 MP: 7/7
  2306 | D:4      | Found an iron altar of Okawaru.
  2307 | D:4      | Found an ancient bone altar of Kikubaaqudgha.
  2389 | D:4      | Found Dydiofetz's Book Shoppe.
  2705 | D:4      | Reached skill level 1 in Maces & Flails
  2751 | D:4      | Noticed Crazy Yiuf
  2758 | D:4      | Killed Crazy Yiuf
  2758 | D:4      | Reached skill level 5 in Fighting
  2758 | D:4      | Reached XP level 7. HP: 26/44 MP: 6/9
  2806 | D:4      | Noticed Blork the orc
  2809 | D:4      | Killed Blork the orc
  3108 | D:5      | Entered Level 5 of the Dungeon
  3387 | D:5      | Reached XP level 8. HP: 45/50 MP: 9/11
  3408 | D:5      | Noticed Ark's ghost (novice DEFE)
  3410 | D:5      | Killed Ark's ghost
  3433 | D:5      | Noticed Dowan
  3444 | D:5      | Noticed Duvessa
  3464 | D:5      | Killed Duvessa
  3464 | D:5      | Reached skill level 6 in Fighting
  3467 | D:5      | Killed Dowan
  3467 | D:5      | Reached skill level 5 in Armour
  3566 | D:5      | Noticed Grinder
  3602 | D:5      | Killed Grinder
  3602 | D:5      | Reached skill level 5 in Invocations
  4326 | D:5      | Reached XP level 9. HP: 54/56 MP: 13/13
  4526 | D:6      | Reached skill level 5 in Dodging
  4668 | D:6      | Found a glowing drain.
  4672 | D:6      | Found a blossoming altar of Fedhas.
  4709 | Sewer    | Entered a sewer
  4904 | Sewer    | Found a glowing silver altar of Zin.
  5218 | D:6      | Reached skill level 7 in Fighting
  5227 | D:6      | Reached **** piety under Qazlal
  5534 | D:7      | Noticed Pikel
  5556 | D:7      | Reached skill level 5 in Maces & Flails
  5566 | D:7      | Killed Pikel
  5689 | D:7      | Found a staircase to the Ecumenical Temple.
  5713 | D:7      | Reached XP level 10. HP: 50/64 MP: 14/14
  5905 | D:7      | Noticed a hill giant
  5918 | D:7      | Killed a hill giant
  5918 | D:7      | Reached skill level 8 in Fighting
  6383 | D:8      | Noticed Erica
  6402 | D:8      | Killed Erica
  7152 | D:8      | Found Posit's Gadget Emporium.
  7690 | D:9      | Found a radiant altar of Vehumet.
  7691 | D:9      | Found a shadowy altar of Dithmenos.
  7691 | D:9      | Found an opulent altar of Gozag.
  7691 | D:9      | Found a basalt altar of Yredelemnul.
  7697 | D:9      | Found a glowing silver altar of Zin.
  7697 | D:9      | Found a bloodstained altar of Trog.
  8115 | D:9      | Found a staircase to the Orcish Mines.
  8299 | D:10     | Entered Level 10 of the Dungeon
  8332 | D:10     | Got a polished war axe
  8333 | D:10     | Identified the +4 war axe "Winykuat" {drain, *Contam rF+ rN+ Dex+4} (You found it on level 10 of the Dungeon)
  8352 | D:10     | Noticed Nergalle
  8367 | D:10     | Killed Nergalle
  8367 | D:10     | Reached skill level 9 in Fighting
  8367 | D:10     | Reached skill level 1 in Axes
  8367 | D:10     | Reached XP level 11. HP: 69/71 MP: 15/17
  8608 | D:10     | Noticed Urug
  8625 | D:10     | Killed Urug
  8700 | D:10     | Found a staircase to the Lair.
  8915 | Orc:1    | Entered Level 1 of the Orcish Mines
  9105 | Orc:1    | Reached ***** piety under Qazlal
  9413 | Orc:2    | Found Kamn's Food Emporium.
  9905 | Orc:3    | Found a staircase to the Elven Halls.
  9940 | Orc:3    | Found a roughly hewn altar of Beogh.
 10197 | Orc:4    | Entered Level 4 of the Orcish Mines
 10420 | Orc:4    | Noticed Snorg
 10434 | Orc:4    | Killed Snorg
 10434 | Orc:4    | Reached ****** piety under Qazlal
 10459 | Orc:4    | Noticed Nessos
 10478 | Orc:4    | Killed Nessos
 10478 | Orc:4    | Reached skill level 10 in Fighting
 10641 | Orc:4    | Noticed an orc knight
 10653 | Orc:4    | Killed an orc knight
 11013 | Orc:4    | Noticed an orc knight
 11031 | Orc:4    | Reached XP level 12. HP: 39/77 MP: 19/19
 11048 | Orc:4    | Noticed an orc high priest
 11049 | Orc:4    | Noticed an orc high priest
 11055 | Orc:4    | Killed an orc high priest
 11057 | Orc:4    | Reached skill level 10 in Invocations
 11061 | Orc:4    | Killed an orc high priest
 11061 | Orc:4    | Reached skill level 10 in Armour
 11446 | Orc:4    | Noticed an orc knight
 11449 | Orc:4    | Noticed an orc high priest
 11451 | Orc:4    | Reached skill level 5 in Axes
 11458 | Orc:4    | Killed an orc high priest
 11461 | Orc:4    | Noticed an orc knight
 11487 | Orc:4    | Killed an orc knight
 11495 | Orc:4    | Killed an orc knight
 11764 | Orc:4    | Killed an orc knight
 11779 | Orc:4    | Found Uriol's Antique Armour Boutique.
 11779 | Orc:4    | Found Urekh's Food Shoppe.
 11782 | Orc:4    | Found Falypt's Food Boutique.
 11782 | Orc:4    | Found Kaoplaxt's Book Shoppe.
 11789 | Orc:4    | Bought a glowing chain mail for 112 gold pieces
 11789 | Orc:4    | Bought a pair of glowing boots for 112 gold pieces
 11805 | Orc:4    | Identified a scroll of acquirement
 11813 | Orc:4    | Identified a +1 pair of boots of running (You bought it in a shop on level 4 of the Orcish Mines)
 12023 | Lair:1   | Entered Level 1 of the Lair of Beasts
 12217 | Lair:1   | Found a labyrinth entrance.
 12227 | Lab      | Entered a labyrinth
 12323 | Lab      | Reached skill level 11 in Fighting
 12566 | Lab      | Noticed a minotaur
 12574 | Lab      | Killed a minotaur
 12577 | Lab      | Got a colourful robe
 12601 | Lab      | Identified the +1 robe "Tirhuwk" {*Drain +Fly rElec Int+7} (You took it off a minotaur in a labyrinth)
 12671 | Lair:1   | Got a translucent quick blade
 12672 | Lair:1   | Identified the +7 quick blade of Enomiag {pierce, +Fly rN+++ MR- SInv} (You acquired it on level 1 of the Lair of Beasts)
 12935 | Lair:1   | Identified the Volume of Glamour
 13323 | Lair:2   | Noticed Harold
 13337 | Lair:2   | Killed Harold
 13378 | Lair:2   | Noticed Fannar
 13391 | Lair:2   | Killed Fannar
 13402 | Lair:2   | Noticed Sonja
 13406 | Lair:2   | Cast into the Abyss (Sonja)
 13409 | Abyss:1  | Noticed a thrashing horror
 13596 | Abyss:1  | Reached XP level 13. HP: 20/75 MP: 5/21
 13626 | Abyss:1  | Fell from the grace of Qazlal
 13645 | Abyss:1  | Mangled by a small abomination

Action                   |  1- 3 |  4- 6 |  7- 9 | 10-12 | 13-15 || total
-------------------------+-------+-------+-------+-------+-------++-------
Melee: Unarmed           |   102 |    98 |       |       |       ||   200
       Mace              |       |    54 |   412 |   283 |       ||   749
       War axe           |       |       |       |   480 |    16 ||   496
Invok: Upheaval          |       |     1 |    10 |    20 |     1 ||    32
       Renounce Religion |       |       |       |       |     1 ||     1
Evoke: Wand              |       |       |       |     1 |       ||     1
  Use: Potion            |     6 |     1 |     2 |     6 |       ||    15
       Scroll            |       |       |    11 |    14 |       ||    25
 Stab: Sleeping          |     1 |       |       |       |       ||     1
       Invisible         |       |       |       |     1 |       ||     1
  Eat: Chunk             |     1 |     6 |       |     4 |       ||    11
       Meat ration       |       |     1 |     1 |     3 |       ||     5
       Fruit             |       |       |     2 |       |       ||     2
       Beef jerky        |       |       |     2 |       |       ||     2
       Pizza             |       |       |     1 |     3 |       ||     4
       Royal jelly       |       |       |       |     1 |       ||     1
